 Dungeon Crawl Stone Soup version 0.29.0-7-g18a832c13a (webtiles) character file.

Game seed: 11295084342133120045

21 Goaboa the Sneak (level 2, -1/24 HPs)
             Began as a Naga Hedge Wizard on Aug 30, 2022.
             Slain by Terence
             ... wielding a +0 mace
              (7 damage)
             ... on level 2 of the Dungeon.
             The game lasted 00:05:10 (1010 turns).

Goaboa the Sneak (Naga Hedge Wizard)                Turns: 1010, Time: 00:05:11

Health: -1/24      AC:  1    Str: 12    XL:     2   Next: 87%
Magic:  3/6        EV:  9    Int: 14    God:
Gold:   99         SH:  0    Dex: 10    Spells: 6/7 levels left

rFire   + . .      SeeInvis +   a - +0 dagger
rCold   x . .      Faith    .   (no shield)
rNeg    . . .      Spirit   .   b - +0 robe
rPois   +          Reflect  .   c - +0 hat
rElec   .          Harm     .   (no cloak)
rCorr   .          Rampage  .   (no gloves)
Will    .....                   (no barding)
Stlth   ++........              (no amulet)
HPRegen 0.08/turn               f - ring of fire
MPRegen 0.10/turn               (no ring)

@: short of breath, very slightly contaminated, very slow
A: AC +0, large, see invisible, deformed body, poison resistance, slowness 2,
spit poison 1, naga tail 1
a: Spit Poison


You were on level 2 of the Dungeon.
You visited 1 branch of the dungeon, and saw 2 of its levels.

You collected 99 gold pieces.

Inventory:

Hand Weapons
 a - a +0 dagger (weapon)
Armour
 b - a +0 robe (worn)
 c - a +0 hat (worn)
Jewellery
 f - a ring of fire (left hand)
Scrolls
 g - 2 scrolls of silence {unknown}
 h - a scroll of brand weapon {unknown}
 i - a scroll of blinking {unknown}
Potions
 e - 2 potions of curing {unknown}


   Skills:
 + Level 0.8 Fighting
 - Level 1.5 Dodging
 + Level 3.5 Stealth
 + Level 3.1 Spellcasting
 + Level 1.4 Conjurations
 - Level 1.0 Summonings
 + Level 1.4 Translocations


You had 6 spell levels left.
You knew the following spells:

 Your Spells              Type           Power      Damage    Failure   Level
a - Magic Dart            Conj           24%        1d4       12%         1

Your spell library contained the following spells:

 Spells                   Type           Power      Damage    Failure   Level
 Blink                    Tloc           12%        N/A       19%         2
 Slow                     Hex            8%         N/A       22%         1
 Call Imp                 Summ           5%         N/A       22%         2
 Conjure Flame            Conj/Fire      6%         6-21      43%         3
 Mephitic Cloud           Conj/Pois/Air  3%         N/A       45%         3


Dungeon Overview and Level Annotations

Branches:
Dungeon (2/15)

Altars:

Shops:
D:2 *

Annotations:
D:2 Terence


Innate Abilities, Weirdness & Mutations

Your serpentine skin is tough. (AC +0)
You have supernaturally acute eyesight. (SInv)
Armour fits poorly on your strangely shaped body.
Your system is resistant to poisons. (rPois)
You cover ground very slowly.
You can spit poison.
You have a snake-like lower body.


Message History

Aim: Terence, wielding a +0 mace and wearing a +0 ring mail (100% to hit)
The magic dart hits Terence.
Terence is lightly wounded.
A goblin comes into view. It is wielding a +0 club.
Magic courses through your body. Terence closely misses you.
Aiming: Magic Dart (safe; 12% risk of failure)
Press: ? - help, Q - select action, (/) - cycle Shift-Dir - straight line, f/p - Terence
Aim: Terence, wielding a +0 mace and wearing a +0 ring mail (lightly wounded, 100% to hit)
The magic dart hits Terence but does no damage.
Terence is lightly wounded.
Terence hits you with a +0 mace!
Aiming: Magic Dart (safe; 12% risk of failure)
Press: ? - help, Q - select action, (/) - cycle Shift-Dir - straight line, f/p - Terence
Aim: Terence, wielding a +0 mace and wearing a +0 ring mail (lightly wounded, 100% to hit)
The magic dart hits Terence but does no damage.
Terence is lightly wounded.
Terence hits you with a +0 mace.
Aiming: Magic Dart (safe; 12% risk of failure)
Press: ? - help, Q - select action, (/) - cycle Shift-Dir - straight line, f/p - Terence
Aim: Terence, wielding a +0 mace and wearing a +0 ring mail (lightly wounded, 100% to hit)
The magic dart hits Terence but does no damage.
Terence is lightly wounded.
Terence hits you with a +0 mace.
* * * LOW HITPOINT WARNING * * *
Your magical contamination has completely faded away.
Aiming: Spit Poison (2% risk of failure)
Press: ? - help, Shift-Dir - straight line, f/p - Terence
Aim: Terence, wielding a +0 mace and wearing a +0 ring mail (lightly wounded, 65% to hit)
The splash of poison hits Terence!
Terence is heavily wounded.
Terence hits you with a +0 mace.
* * * LOW HITPOINT WARNING * * *
Aiming: Magic Dart (safe; 12% risk of failure)
Press: ? - help, Q - select action, (/) - cycle Shift-Dir - straight line, f/p - Terence
Aim: Terence, wielding a +0 mace and wearing a +0 ring mail (heavily wounded, 100% to hit)
You miscast Magic Dart.
You are very lightly contaminated with residual magic.
Nothing appears to happen.
Terence hits you with a +0 mace!
You die...

##########
##########........#######
........................#
..................#####.#
......................#
.......⌠.⌠........###.#
........∩......##...#.#
[......g@@.....##.#.#.#
...............##.#.#.#
...............##.#.#.#
............#.###.#.#.#
...#........#.# #.#.#.#
.. #........... #.#.#.# .
#........#.#.#.#.#.#
#........#.# #.#.#.#
#...#.#


You could see Terence and a goblin.

Vanquished Creatures
  An adder (D:2)
  A giant cockroach (D:1)
  2 goblins (D:1)
  2 jackals (D:1)
  2 bats (D:1)
  A kobold (D:1)
  4 rats
13 creatures vanquished.

Notes
Turn   | Place    | Note
-------+----------+-------------------------------------------
     0 | D:1      | Goaboa the Naga Hedge Wizard began the quest for the Orb.
     0 | D:1      | Reached XP level 1. HP: 15/15 MP: 4/4
   372 | D:1      | Reached XP level 2. HP: 24/24 MP: 1/6
   988 | D:2      | Found Rar Bee's General Store.
   997 | D:2      | Noticed Terence
  1010 | D:2      | Slain by Terence

Illustrated notes

Levels and vault maps discovered:
D:1:      tarquinn_simple_flora_water_e, layout_loops_ring,
          dreamdust_wishing_well
D:2:      minmay_skewed_foursquare, layout_basic, serial_shops, shop_fountains,
          shop, shop_statue, basic_altar, minmay_misc_feat_roman,
          minmay_3d_cube, uniq_sigmund, uniq_terence

Action                   || total
-------------------------++-------
Melee: Dagger            ||     4
 Cast: Magic Dart        ||    36
 Abil: Spit Poison       ||     1
  Use: Potion            ||     1
Armor: Robe              ||     2
Dodge: Dodged            ||     4
